Map: Frozen Temple

Players

ByRada

  • Race: Zerg Zerg
  • League: Grandmaster
  • Spawn Location: 11:00

Kelazhur - Winner!

  • Race: Terran Terran
  • League: Master
  • Spawn Location: 5:00

Event: Copa América 2016 Grand Finals

VOD

Have the link to the VOD?

Description

Time

  • Played on: Oct. 14, 2016, 3:18 p.m.
  • Length: 7:58

All games in this series

Show
View Real Time Build Order
Export as new Build Order

ByRada Zerg 

Build Orders: Hatch First 

Get SALT Encoding   

  12  0:00  Drone  
  13  0:08  Drone  
  14  0:17  Overlord  
  14  0:22  Extractor  
  14  0:23  Drone  
  15  0:35  Drone x2  
  17  0:52  Hatchery  
  17  0:54  Drone  
  17  0:58  Drone  
  18  1:09  Extractor  
  17  1:13  Spawning Pool  
  17  1:15  Drone  
  17  1:19  Drone  
  18  1:26  Drone  
  19  1:37  Overlord  
  19  1:49  Drone  
  20  2:00  Roach Warren  
  19  2:01  Queen  
  19  2:04  Queen  
  19  2:07  Zergling x2  
  24  2:10  Zergling x2  
  25  2:17  Drone x2  
  27  2:29  Drone  
  27  2:42  Spore Crawler  
  27  2:48  Roach x2  
  34  2:51  Roach x2  
  34  2:54  Overlord  
  34  2:56  Drone  
  34  3:08  Queen  
  34  3:11  Roach  
  35  3:25  Queen  
  37  3:28  Roach x3  
  39  3:36  Drone x2  
  39  3:37  Drone  
  39  3:40  Drone  
  41  3:51  Ravager x2  
  43  3:59  Drone  
  44  4:07  Overlord  
  44  4:12  Overlord  
  44  4:24  Overlord  
  44  4:27  Drone  
  44  4:28  Drone x6  
  51  4:41  Drone x4  
  51  4:42  Drone  
  51  4:43  Ravager  
  57  4:48  Lair  
  57  4:56  Extractor  
  57  4:57  Extractor  
  57  4:59  Drone x3  
  59  5:00  Drone x2  
  59  5:03  Queen  
  62  5:18  Drone  
  62  5:19  Drone x3  
  66  5:24  Overlord  
  66  5:45  Drone x3  
  66  5:47  Glial Reconstitution  
  66  5:48  Extractor  
  68  5:52  Extractor  
  68  5:55  Drone x3  
  68  5:56  Drone  
  71  6:12  Queen  
  70  6:21  Roach x3  
  76  6:37  Overlord x2  
  76  6:55  Hatchery  
  76  7:01  Hatchery  
  76  7:03  Roach x4  
  76  7:05  Overlord x2  
  83  7:10  Evolution Chamber  
  83  7:11  Evolution Chamber  
  83  7:14  Roach  
  83  7:21  Overlord x2  
Show
View Real Time Build Order
Export as new Build Order

Kelazhur Terran - Winner!

Build Orders: MMM Bio 

Get SALT Encoding   

  12  0:00  SCV  
  13  0:13  SCV  
  14  0:17  Supply Depot  
  14  0:25  SCV  
  15  0:39  SCV  
  15  0:40  Barracks  
  16  0:43  Refinery  
  16  0:51  SCV  
  17  0:59  Barracks  
  17  1:03  SCV  
  18  1:15  SCV  
  19  1:19  Barracks  
  19  1:26  Reaper  
  19  1:30  Refinery  
  20  1:42  Orbital Command  
  20  1:46  Reaper  
  21  1:54  Supply Depot  
  21  2:00  Reaper  
  22  2:07  Reaper  
  23  2:16  SCV  
  23  2:18  Reaper  
  25  2:28  SCV  
  26  2:32  Reaper  
  27  2:40  SCV  
  28  2:46  Reaper  
  28  2:50  Reaper  
  30  2:52  SCV  
  30  2:53  Supply Depot  
  31  3:11  Command Center  
  31  3:15  Reaper, Supply Depot  
  31  3:18  Reaper, SCV  
  34  3:36  Reaper  
  34  3:37  SCV  
  35  3:47  Reaper  
  36  3:51  SCV  
  36  3:53  Barracks  
  36  3:54  Barracks Tech Lab  
  36  3:55  Barracks  
  37  4:06  SCV  
  38  4:12  Barracks Reactor  
  38  4:14  Stimpack  
  38  4:19  Barracks Reactor  
  38  4:20  Marine  
  38  4:22  SCV  
  38  4:23  Orbital Command  
  40  4:32  Factory  
  40  4:34  SCV  
  41  4:44  Barracks Reactor x2  
  41  4:46  SCV  
  41  4:48  Marine  
  41  4:49  Marine x2  
  45  4:58  SCV x2  
  47  5:01  Marine x2  
  49  5:08  Supply Depot  
  49  5:09  Marine x2  
  49  5:10  SCV  
  52  5:17  SCV  
  52  5:21  Marine x5  
  54  5:22  Marine, SCV  
  54  5:27  Marine  
  61  5:29  SCV  
  61  5:32  Marine x2, Supply Depot  
  61  5:34  SCV  
  61  5:35  Starport  
  65  5:37  Factory Reactor  
  65  5:42  Marine, SCV  
  66  5:43  Marine  
  66  5:45  Marine  
  66  5:46  Marine  
  70  5:53  Marine x2, SCV  
  70  5:54  SCV  
  70  5:56  Supply Depot  
  74  5:59  Supply Depot  
  74  6:01  Marine, Marauder  
  74  6:02  Marine  
  78  6:17  Marine x2, SCV  
  81  6:21  Combat Shields  
  81  6:23  Marine x4  
  85  6:27  Medivac x2  
  85  6:28  Supply Depot  
  85  6:29  Marauder  
  85  6:30  SCV  
  91  6:33  Marine  
  91  6:34  Marine  
  91  6:38  Marine  
  94  6:49  Supply Depot, Factory Tech Lab  
  94  6:50  Marine, SCV  
  94  6:51  Refinery  
  94  6:52  Supply Depot  
  96  6:56  Marine  
  96  6:57  Marine x2  
  96  7:00  Marine x2, Marauder  
  102  7:08  Refinery  
  102  7:10  Marine  
  102  7:11  Medivac x2, SCV x2  
  102  7:14  Supply Depot  
  109  7:20  Engineering Bay  
  109  7:23  Engineering Bay  
  108  7:32  Marine, Marauder  
Tags
 
Add a new tag
Caveats
  • Supply blocks, unpowered buildings, or Contaminate may cause inaccurate times.
  • Supply counts are checked every 10 seconds.